Map: 2000 Atmospheres LE

Players

Zoun - Winner!

  • Race: Protoss Protoss

Reynor

  • Race: Zerg Zerg

Event: IEM Katowice 2022

VOD

Have the link to the VOD?

Description

Time

  • Played on: Feb. 25, 2022, 11:35 a.m.
  • Length: 24:20

All games in this series

Show
View Real Time Build Order
Export as new Build Order

Zoun Protoss - Winner!

Build Orders: 1 Gate Expand, Oracle Opening, Carriers 

Get SALT Encoding   

  12  0:00  Probe  
  13  0:12  Probe  
  14  0:19  Pylon  
  14  0:24  Probe  
  15  0:37  Probe (Chrono Boost)  
  15  0:40  Gateway  
  16  0:46  Probe (Chrono Boost)  
  16  0:48  Assimilator  
  17  0:51  Probe (Chrono Boost)  
  18  1:03  Probe  
  19  1:15  Probe  
  20  1:27  Nexus  
  20  1:37  Cybernetics Core  
  20  1:39  Probe  
  21  1:44  Assimilator  
  21  1:51  Probe  
  21  1:53  Pylon  
  22  2:03  Probe  
  23  2:10  Adept (Chrono Boost)  
  25  2:15  Probe  
  25  2:17  Stargate  
  26  2:25  Warp Gate  
  26  2:28  Probe (Chrono Boost)  
  27  2:33  Adept  
  29  2:39  Probe (Chrono Boost)  
  29  2:40  Probe (Chrono Boost)  
  31  2:48  Probe x2 (Chrono Boost)  
  33  2:55  Probe  
  33  2:56  Probe  
  35  2:59  Oracle (Chrono Boost)  
  38  3:06  Gateway  
  38  3:09  Pylon  
  38  3:10  Probe  
  38  3:12  Probe  
  40  3:22  Probe  
  40  3:23  Void Ray (Chrono Boost)  
  40  3:24  Probe  
  42  3:34  Probe  
  47  3:36  Probe  
  48  3:46  Probe  
  49  3:48  Nexus  
  49  3:50  Pylon  
  49  3:51  Probe  
  50  3:58  Probe  
  51  4:04  Probe  
  52  4:10  Probe, Assimilator  
  52  4:11  Assimilator  
  52  4:13  Stargate  
  52  4:16  Probe  
  54  4:18  Shield Battery  
  54  4:22  Probe  
  55  4:24  Protoss Air Weapons Level 1  
  55  4:25  Forge  
  55  4:29  Probe  
  56  4:33  Void Ray  
  56  4:34  Probe  
  56  4:36  Pylon  
  57  4:41  Probe  
  62  4:54  Robotics Facility, Probe x2  
  62  4:55  Void Ray  
  64  5:01  Probe (Chrono Boost)  
  64  5:06  Probe x2 (Chrono Boost)  
  71  5:10  Void Ray  
  71  5:13  Probe (Chrono Boost)  
  72  5:15  Probe (Chrono Boost)  
  72  5:16  Probe (Chrono Boost)  
  72  5:18  Probe (Chrono Boost)  
  72  5:20  Probe x2 (Chrono Boost)  
  79  5:22  Assimilator x2  
  79  5:23  Pylon  
  79  5:28  Probe  
  82  5:32  Probe  
  82  5:33  Probe  
  82  5:34  Pylon  
  84  5:40  Probe  
  85  5:44  Robotics Bay, Observer  
  85  5:45  Probe x2  
  85  5:49  Pylon x2  
  88  5:57  Fleet Beacon  
  88  6:00  Probe x3  
  91  6:07  Observer  
  92  6:11  Stargate  
  92  6:16  Probe  
  90  6:19  Probe  
  90  6:24  Probe  
  92  6:28  Nexus  
  92  6:29  Pylon  
  92  6:31  Pylon  
  92  6:35  Carrier x2 (Chrono Boost), Probe x2  
  94  6:43  Probe, Disruptor (Chrono Boost)  
  94  6:47  Probe, Observer  
  110  6:48  Photon Cannon  
  110  6:50  Gateway  
  110  6:51  Gateway  
  110  6:53  Photon Cannon  
  111  6:54  Photon Cannon  
  111  6:56  Shield Battery  
  111  7:00  Photon Cannon  
  111  7:01  Shield Battery  
  116  7:13  Photon Cannon  
  116  7:14  Tempest (Chrono Boost)  
  119  7:21  Shield Battery  
  119  7:22  Shield Battery x2  
  119  7:23  Photon Cannon  
  119  7:28  Tempest (Chrono Boost)  
  119  7:35  Disruptor  
  129  7:38  Tempest (Chrono Boost)  
  129  7:39  Pylon  
  129  7:41  Pylon  
  127  7:53  Tempest  
  127  7:57  Zealot x2  
  136  8:03  Shield Battery  
  136  8:04  Tempest, Shield Battery  
  140  8:09  Disruptor (Chrono Boost)  
  140  8:12  Shield Battery  
  129  8:13  Shield Battery, Void Ray  
  129  8:28  Zealot  
  129  8:29  Zealot x3  
  129  8:30  Probe x2  
  129  8:32  Probe, Observer  
  140  8:38  Disruptor  
  140  8:42  Probe  
  140  8:43  Probe  
  137  8:52  Nexus  
  137  8:53  Probe  
  137  8:54  Pylon  
  137  8:55  Probe x2  
  140  8:58  Assimilator  
  140  9:00  Assimilator  
  140  9:03  Observer  
  140  9:05  Probe  
  140  9:06  Void Ray  
  141  9:15  Probe x2  
  147  9:18  Probe  
  148  9:27  Probe  
  148  9:29  Shield Battery  
  148  9:39  Pylon x2  
  148  9:42  Twilight Council  
  148  9:46  Observer  
  148  9:51  Pylon, Void Ray x2  
  148  9:52  Protoss Ground Weapons Level 1 (Chrono Boost)  
  148  9:53  Pylon  
  156  10:04  Gateway  
  156  10:07  Gateway  
  156  10:08  Gateway  
  156  10:13  Probe  
  159  10:15  Zealot  
  159  10:20  Charge (Chrono Boost)  
  161  10:22  Protoss Air Weapons Level 2 (Chrono Boost)  
  161  10:23  Assimilator  
  161  10:27  Templar Archives  
  159  10:31  Observer  
  159  10:35  Gateway  
  159  10:37  Gateway, Sentry  
  159  10:49  Gateway  
  159  10:51  Gateway  
  159  11:00  Photon Cannon  
  159  11:01  Warp Prism (Chrono Boost)  
  159  11:03  Gateway  
  159  11:04  Gateway  
  159  11:07  High Templar x5  
  159  11:08  High Templar  
  173  11:14  Archon x3  
  173  11:17  Gateway  
  173  11:19  Gateway  
  173  11:20  High Templar  
  175  11:27  Pylon  
  175  11:29  High Templar  
  175  11:31  High Templar  
  179  11:33  Observer  
  179  11:39  High Templar  
  181  11:45  Zealot x7  
  193  11:55  Nexus  
  193  11:59  High Templar x2  
  197  12:01  Protoss Ground Weapons Level 2 (Chrono Boost)  
  197  12:03  Archon  
  197  12:07  Pylon  
  197  12:09  Robotics Facility  
  197  12:14  Robotics Facility, Zealot  
  199  12:33  Carrier x2 (Chrono Boost), Observer  
  193  12:44  Carrier (Chrono Boost)  
  181  12:48  Immortal  
  187  12:52  Photon Cannon, Forge  
  187  12:54  Photon Cannon  
  187  12:56  Photon Cannon  
  187  12:58  Shield Battery  
  187  13:01  Zealot x3  
  187  13:02  Zealot x3  
  199  13:07  Protoss Air Weapons Level 3 (Chrono Boost)  
  199  13:11  Assimilator  
  199  13:16  Assimilator  
  199  13:47  Zealot x5  
  195  13:51  Tempest  
  191  13:58  Oracle  
  191  14:00  Stargate, Protoss Shields Level 1 (Chrono Boost)  
  194  14:04  Stargate  
  194  14:19  Blink  
  194  14:20  High Templar  
  194  14:21  High Templar  
  198  14:26  Dark Shrine  
  198  14:28  Mothership (Chrono Boost)  
  198  14:29  Protoss Ground Weapons Level 3 (Chrono Boost)  
  198  14:30  Observer  
  194  14:33  Carrier (Chrono Boost)  
  194  14:43  Photon Cannon  
  194  14:45  Photon Cannon  
  194  14:47  Photon Cannon, Observer  
  194  14:49  Photon Cannon  
  194  14:50  Photon Cannon  
  194  14:51  Photon Cannon, Shield Battery  
  194  14:52  Shield Battery  
  194  14:53  Carrier (Chrono Boost)  
  200  15:05  Gravitic Boosters  
  200  15:31  Carrier  
  200  15:35  Observer  
  195  15:38  Protoss Air Armor Level 1 (Chrono Boost)  
  200  15:42  Shadow Stride, Observer  
  200  15:58  Gravitic Drive  
  200  16:02  Photon Cannon x2  
  198  16:12  Dark Templar  
  198  16:13  Observer  
  198  16:15  Psionic Storm  
  200  16:38  Unknown  
  200  16:39  Flux Vanes  
  200  16:43  Nexus  
  192  16:54  Zealot  
  192  16:55  Zealot x3  
  195  17:02  Observer x2  
  197  17:11  Pylon  
  187  17:26  Zealot x4  
  191  17:37  High Templar x3  
  191  17:43  Shield Battery  
  197  17:45  Shield Battery  
  197  17:48  Photon Cannon  
  197  17:50  Photon Cannon  
  197  17:54  Assimilator  
  197  17:57  Assimilator  
  192  18:09  Archon  
  188  18:21  High Templar x2  
  188  18:22  High Templar  
  192  18:32  Observer  
  192  18:34  Protoss Shields Level 2 (Chrono Boost), Protoss Ground Armor Level 1 (Chrono Boost)  
  190  18:45  Photon Cannon  
  190  18:46  Shield Battery  
  190  18:49  Pylon, Dark Templar x4  
  190  18:53  Archon, Observer  
  190  18:54  Archon  
  196  19:12  Dark Templar x4  
  196  19:30  Archon x2  
  193  19:37  Void Ray x2  
  185  19:43  Protoss Air Armor Level 2 (Chrono Boost)  
  185  19:44  Nexus, Carrier  
  199  19:47  Pylon  
  199  19:50  Pylon  
  192  19:53  Dark Templar x4  
  192  19:55  Shield Battery  
  186  20:08  Dark Templar x6  
  186  20:10  Archon  
  186  20:11  Archon  
  186  20:14  Oracle  
  192  20:39  Dark Templar x2  
  192  20:40  Nexus, Dark Templar x2  
  192  20:41  Pylon  
  184  20:53  Carrier x3 (Chrono Boost)  
  194  21:01  Zealot  
  194  21:02  Archon x2, Zealot x3  
  198  21:05  Archon  
  178  21:21  Nexus  
  178  21:25  Probe x4  
  180  21:27  Carrier x2 (Chrono Boost)  
  192  21:34  Probe  
  192  21:35  Pylon  
  192  21:37  Probe x2  
  195  21:42  Observer (Chrono Boost)  
  195  21:43  Observer (Chrono Boost)  
  195  21:45  Dark Templar  
  195  22:13  Probe x3  
  191  22:23  Dark Templar x3  
  197  22:31  Observer  
  177  22:45  Stalker x6  
  177  22:46  Stalker x6  
  164  23:12  Archon  
  164  23:14  High Templar x2  
  164  23:17  Assimilator  
  144  23:21  Assimilator  
  144  23:26  Zealot x3  
  145  23:45  Zealot x3  
  79  24:12  Probe (Chrono Boost)  
Show
View Real Time Build Order
Export as new Build Order

Reynor Zerg 

Build Orders: Hatch First, Brood Lord Corruptor 

Get SALT Encoding   

  12  0:00  Drone  
  13  0:12  Overlord  
  13  0:16  Drone  
  14  0:30  Drone x2  
  16  0:42  Drone  
  17  0:51  Hatchery  
  17  0:55  Drone  
  17  0:58  Drone  
  18  1:10  Extractor  
  17  1:13  Spawning Pool  
  17  1:15  Drone  
  17  1:19  Drone  
  18  1:27  Drone  
  19  1:38  Drone  
  20  1:48  Overlord  
  20  1:59  Queen  
  22  2:03  Drone x2, Queen  
  26  2:12  Zergling x2  
  26  2:14  Zergling x2  
  28  2:21  Drone  
  29  2:25  Drone  
  30  2:30  Hatchery  
  30  2:31  Metabolic Boost  
  30  2:35  Drone  
  30  2:37  Drone  
  31  2:46  Drone  
  31  2:47  Overlord  
  32  2:52  Queen  
  32  2:54  Drone  
  32  2:57  Drone  
  36  3:05  Queen  
  36  3:07  Overlord  
  36  3:09  Drone  
  36  3:12  Drone  
  40  3:13  Drone  
  40  3:15  Drone  
  42  3:21  Drone x2  
  44  3:28  Queen  
  44  3:29  Drone  
  44  3:31  Overlord  
  47  3:40  Drone  
  47  3:42  Drone  
  47  3:45  Queen  
  47  3:47  Drone  
  51  3:53  Drone x3  
  53  4:02  Drone, Queen  
  54  4:04  Drone x2  
  54  4:07  Overlord  
  54  4:08  Drone x2  
  58  4:11  Spore Crawler  
  58  4:13  Drone  
  58  4:15  Drone  
  58  4:17  Drone x4  
  61  4:23  Lair  
  63  4:25  Drone x2  
  63  4:27  Drone  
  66  4:32  Queen  
  66  4:36  Overlord  
  66  4:37  Spore Crawler  
  66  4:38  Drone x2  
  69  4:39  Extractor  
  69  4:43  Overlord  
  68  4:49  Roach Warren  
  68  4:51  Evolution Chamber  
  66  4:53  Overlord  
  66  4:54  Drone  
  66  4:55  Drone x4  
  66  4:58  Drone x2  
  73  5:00  Pneumatized Carapace  
  73  5:01  Drone  
  73  5:02  Drone  
  73  5:06  Extractor x2  
  73  5:07  Drone x2  
  73  5:08  Extractor  
  73  5:10  Overlord  
  73  5:11  Drone  
  75  5:15  Drone x2  
  75  5:20  Overlord  
  76  5:22  Zerg Missile Weapons Level 1  
  76  5:23  Drone x4  
  76  5:24  Drone  
  76  5:25  Extractor  
  76  5:26  Drone  
  81  5:40  Overseer x2  
  81  5:41  Overseer  
  81  5:42  Hatchery  
  80  5:43  Drone x3, Queen  
  80  5:46  Zergling x6  
  80  5:48  Drone  
  89  5:50  Overlord  
  89  5:58  Overlord  
  89  6:01  Queen  
  89  6:02  Queen, Glial Reconstitution  
  93  6:08  Overlord  
  93  6:19  Overlord  
  93  6:22  Roach  
  93  6:23  Roach x9  
  113  6:26  Queen  
  113  6:30  Roach  
  113  6:31  Roach x2  
  113  6:32  Overlord  
  121  6:34  Overlord  
  121  6:39  Roach x2  
  125  6:42  Roach x2  
  129  6:47  Queen  
  131  6:55  Overlord, Roach  
  131  6:56  Roach x4  
  131  6:58  Roach  
  143  7:02  Queen  
  143  7:06  Ravager x8  
  143  7:07  Zergling x2  
  143  7:08  Zergling x4  
  156  7:11  Overlord  
  156  7:12  Ravager x2  
  158  7:16  Roach x3  
  158  7:20  Overlord  
  164  7:27  Roach  
  164  7:29  Overlord  
  166  7:31  Ravager  
  166  7:35  Overlord  
  166  7:36  Queen  
  166  7:38  Queen x2  
  163  7:46  Roach, Zergling x18  
  163  7:48  Overlord  
  173  7:52  Overlord  
  167  8:05  Queen  
  154  8:09  Roach x5  
  154  8:11  Drone  
  154  8:12  Drone x5, Queen  
  157  8:24  Queen x2  
  157  8:26  Infestation Pit  
  136  8:41  Queen  
  107  8:49  Zergling x16  
  107  8:52  Queen  
  117  8:59  Drone  
  117  9:01  Ravager x6  
  117  9:02  Spore Crawler x2, Ravager x2  
  124  9:08  Infestor x4, Hive  
  132  9:11  Zergling x16  
  132  9:12  Spore Crawler x2  
  132  9:13  Drone  
  132  9:14  Extractor  
  132  9:15  Extractor  
  132  9:16  Drone x2  
  139  9:17  Drone  
  135  9:34  Queen  
  135  9:43  Queen x2  
  137  9:56  Spire  
  137  9:57  Roach x7  
  149  10:01  Drone x7  
  149  10:02  Drone  
  149  10:06  Zerg Melee Weapons Level 1  
  154  10:12  Queen  
  155  10:24  Spore Crawler x2, Viper x4  
  165  10:31  Queen  
  165  10:32  Queen  
  165  10:34  Drone x2  
  171  10:39  Ultralisk Cavern, Evolution Chamber  
  168  10:43  Hatchery  
  168  10:44  Drone x4  
  168  10:45  Queen  
  168  10:46  Spore Crawler  
  168  10:47  Spore Crawler  
  168  10:48  Spore Crawler  
  171  10:51  Overlord  
  171  10:54  Drone  
  171  11:00  Adrenal Glands  
  171  11:08  Hatchery  
  171  11:09  Greater Spire  
  170  11:11  Corruptor x3  
  170  11:12  Corruptor x3  
  170  11:16  Zerg Ground Armor Level 1  
  182  11:18  Spine Crawler  
  182  11:21  Spine Crawler  
  180  11:30  Drone  
  180  11:31  Drone x2  
  182  11:38  Spore Crawler  
  182  11:39  Spore Crawler x2  
  179  11:40  Spore Crawler  
  179  11:43  Spore Crawler  
  179  11:44  Spore Crawler  
  175  11:51  Drone x3  
  175  11:54  Spore Crawler x2  
  177  11:55  Spore Crawler  
  175  12:17  Queen  
  177  12:27  Brood Lord x6  
  176  12:46  Drone x6  
  176  12:49  Infestor  
  184  12:51  Chitinous Plating  
  184  12:53  Zerg Flyer Weapons Level 1  
  184  12:54  Queen  
  184  12:56  Spire  
  184  12:57  Zergling x20  
  195  13:03  Drone  
  195  13:04  Drone, Extractor  
  196  13:06  Zergling x8  
  196  13:07  Extractor, Zerg Melee Weapons Level 2  
  199  13:12  Spore Crawler  
  199  13:13  Spore Crawler  
  178  13:43  Viper x2  
  172  13:55  Corruptor  
  172  13:56  Corruptor x8  
  172  14:00  Zergling x8, Ultralisk  
  200  14:05  Spore Crawler  
  200  14:07  Spore Crawler  
  198  14:10  Baneling Nest, Zerg Flyer Armor Level 1  
  198  14:12  Drone x3  
  200  14:18  Overseer x2  
  194  14:31  Zerg Ground Armor Level 2  
  194  14:32  Ultralisk  
  194  14:34  Drone x2  
  194  14:35  Zergling x4  
  199  14:41  Extractor  
  199  14:45  Drone  
  199  14:48  Anabolic Synthesis, Zerg Flyer Weapons Level 2  
  199  15:05  Overseer  
  199  15:10  Centrifugal Hooks  
  197  15:33  Corruptor x2  
  199  15:50  Hatchery  
  199  15:53  Pathogen Glands  
  199  15:56  Zerg Melee Weapons Level 3  
  198  16:09  Zergling x2  
  197  16:28  Zergling x4  
  197  16:30  Spore Crawler  
  197  16:31  Spore Crawler  
  197  16:32  Spore Crawler, Zerg Flyer Armor Level 2  
  196  16:36  Corruptor  
  195  16:46  Zergling x8  
  199  16:49  Neural Parasite  
  199  16:53  Ultralisk  
  189  17:02  Zergling x12  
  189  17:07  Zergling x6  
  195  17:09  Zerg Ground Armor Level 3  
  195  17:14  Zergling x2  
  195  17:15  Zergling x2  
  193  17:36  Corruptor  
  193  17:37  Corruptor x2  
  189  17:40  Overseer  
  191  17:44  Spore Crawler, Baneling  
  191  17:45  Baneling x11  
  191  17:51  Corruptor x3  
  192  18:09  Extractor x2  
  183  18:16  Zergling x14  
  183  18:17  Zergling x6  
  183  18:19  Brood Lord x3  
  193  18:23  Zergling x4  
  195  18:31  Corruptor  
  195  18:32  Spore Crawler x2  
  193  18:35  Overlord  
  193  18:42  Spore Crawler  
  193  18:45  Baneling x6  
  193  18:47  Zergling x6  
  195  19:01  Spore Crawler  
  195  19:02  Spine Crawler x2  
  192  19:04  Extractor  
  192  19:09  Zergling x36  
  199  19:13  Ultralisk  
  199  19:14  Zergling x10  
  195  19:19  Zergling x2  
  191  19:31  Zergling x4, Ultralisk  
  191  19:32  Zergling x2  
  184  20:07  Viper x2  
  184  20:08  Corruptor x3  
  184  20:11  Hatchery  
  184  20:12  Overlord  
  178  20:30  Overseer x2, Corruptor  
  178  20:31  Corruptor x8  
  197  20:41  Brood Lord  
  197  20:42  Brood Lord  
  194  20:49  Zergling x12  
  177  20:57  Drone x2  
  177  21:01  Infestor  
  177  21:02  Infestor x3  
  187  21:05  Corruptor x4  
  187  21:10  Hatchery, Overlord  
  190  21:40  Zerg Flyer Weapons Level 3, Zerg Flyer Armor Level 3  
  190  21:42  Drone x2  
  192  21:47  Baneling x4  
  192  21:48  Baneling x2  
  191  21:55  Zergling x2  
  191  21:56  Zergling x12  
  195  22:02  Hatchery  
  195  22:07  Corruptor x2  
  124  22:57  Ultralisk x2  
  117  23:00  Ultralisk x2  
  117  23:01  Zergling x10, Ultralisk  
  117  23:03  Zergling x6, Ultralisk x2  
  140  23:21  Zergling x2, Ultralisk  
  140  23:22  Zergling x2  
  140  23:25  Ultralisk x2  
  140  23:26  Zergling x2  

Tags
 
Add a new tag
Caveats
  • Supply blocks, unpowered buildings, or Contaminate may cause inaccurate times.
  • Supply counts are checked every 10 seconds.